 Dungeon Crawl Stone Soup version 0.31-a0-845-g9abc20d24f (webtiles) character file.

Game seed: 5427896306195507909

40 javelincjr the Changeling (level 3, 0/26 HPs)
             Began as a Demonspawn Shapeshifter on Oct 2, 2023.
             Slain by a giant cockroach (1 damage)
             ... on level 1 of the Dungeon.
             The game lasted 00:03:48 (882 turns).

javelincjr the Changeling (Demonspawn Shapeshifter)  Turns: 882, Time: 00:03:48

Health: 0/26       AC:  2    Str: 16    XL:     3   Next: 30%
Magic:  3/3        EV: 12    Int: 11    God:
Gold:   46         SH:  0    Dex: 12    Spells: 2/2 levels left

rFire   . . .        j - +1 short sword (freeze)
rCold   . . .        (no shield)
rNeg    . . .        a - +0 animal skin
rPois   .            (helmet currently unavailable)
rElec   .            (cloak currently unavailable)
rCorr   .            (gloves currently unavailable)
SInv    .            (boots currently unavailable)
Will    .....        (no amulet)
Stlth   +            (no ring)
HPRegen 0.24/turn    (no ring)
MPRegen 0.08/turn

%: no passive effects
@: beast-form, hasted, very quick
A: beast (slay +1), claws 1, demonic guardian 1
a: Begin Untransformation


You were on level 1 of the Dungeon.
You were a hulking beast.
You visited 1 branch of the dungeon, and saw 1 of its levels.

You collected 46 gold pieces.

Inventory:

Hand Weapons
 j - a +1 short sword of freezing (weapon)
Armour
 a - a +0 animal skin (worn)
 m - a +0 pair of gloves
Talismans
 c - a beast talisman (active)
 d - a flux talisman
Scrolls
 h - a scroll of vulnerability {unknown}
 i - a scroll of enchant weapon {unknown}
 k - a scroll of amnesia {unknown}
 l - 2 scrolls of identify {unknown}
Potions
 b - a potion of lignification
 e - a potion of brilliance {unknown}
 f - a potion of haste
 g - 2 potions of curing {unknown}


   Skills:
 + Level 1.5 Fighting
 + Level 0.2 Short Blades
 + Level 2.2 Dodging
 + Level 3.0 Unarmed Combat
 * Level 3.1 Shapeshifting


You had 2 spell levels left.
You didn't know any spells.
Your spell library was empty.

Dungeon Overview and Level Annotations

Branches:
Dungeon (1/15)

Altars:


Innate Abilities, Weirdness & Mutations

You are a hulking beast.
Your limbs bulge with bestial killing power. (Slay +1)
You have sharp fingernails.
A weak demonic guardian rushes to your aid.


Message History

The giant cockroach barely misses your white imp.
Your white imp gestures at the jackal.
The puff of frost hits the jackal.
The jackal dies!
You see here a jackal corpse.
The giant cockroach misses your white imp.
The giant cockroach barely misses your white imp.
The jackal barely misses your white imp.
Your white imp gestures at the giant cockroach.
The puff of frost hits the giant cockroach!
The giant cockroach dies!
Your white imp disappears in a puff of smoke!
The giant cockroach waves its antennae.
The jackal bites you. The giant cockroach barely misses you.
The jackal bites you.
* * * LOW HITPOINT WARNING * * *
A demonic guardian appears!
Your iron imp closely misses the jackal.
The jackal bites you.
* * * LOW HITPOINT WARNING * * *
You hit the jackal. You freeze the jackal.
The jackal is heavily wounded.
The jackal closely misses you.
Your iron imp hits the jackal!
The jackal dies!
Your iron imp hits the endoplasm.
There is a staircase leading out of the dungeon here.
You closely miss the giant cockroach. The giant cockroach misses you.
You hit the endoplasm. You freeze the endoplasm.
You kill the endoplasm!
Your iron imp closely misses the giant cockroach.
The giant cockroach bites you but does no damage.
It was a potion of haste.
You feel yourself speed up. The giant cockroach bites you.
* * * LOW HITPOINT WARNING * * *
The endoplasm hits you.
* * * LOW HITPOINT WARNING * * *
The giant cockroach bites you.
* * * LOW HITPOINT WARNING * * *
Your iron imp barely misses the jackal.
The giant cockroach bites you.
You die...

.#...##.###.# #.###.#)#
.##.###.# #.# #.....#.## #
.##.###.# #.# ######..#..# #
.##.....# #.# #.......##.# #
.#####..# #.# ###...##.###.#
# .# #..###.###...#.##.###.#
# .# #..#..................#
#
.#####..#.###'#######+###..#
#
..........#..⌠..hJ...⌠..#..##
#
######..#.#....BBBh5....#.).#
### #..#.+⌠....###†...⌠'...#
#.. #....#......B......#...#
#.. ####[#######J#######...#
#.. #.#....hBJB.....#.#.# ##.
#####.#.......B.....#.#.# ##.
#...(.#......$......#.#.###..
#.##..###############.......#


You could see an endoplasm, a jackal, 3 giant cockroaches and a friendly iron
imp (summoned).

Vanquished Creatures
  4 endoplasms (D:1)
  A giant cockroach (D:1)
  2 goblins (D:1)
  2 hobgoblins (D:1)
  A jackal (D:1)
  6 kobolds (D:1)
  3 quokkas (D:1)
  3 ball pythons (D:1)
  3 frilled lizards (D:1)
  3 rats (D:1)
28 creatures vanquished.

Vanquished Creatures (collateral kills)
  An endoplasm (D:1)
  2 giant cockroaches (D:1)
  4 jackals (D:1)
  A rat (D:1)
8 creatures vanquished.

Grand Total: 36 creatures vanquished

Notes
Turn   | Place    | Note
-------+----------+-------------------------------------------
     0 | D:1      | javelincjr the Demonspawn Shapeshifter began the quest for
                  | the Orb.
     0 | D:1      | Reached XP level 1. HP: 15/15 MP: 1/1
     3 | D:1      | Found a runed translucent door.
   124 | D:1      | Gained mutation: A weak demonic guardian rushes to your
                  | aid. [demonic ancestry]
   124 | D:1      | Reached XP level 2. HP: 15/21 MP: 2/2
   860 | D:1      | Gained mutation: You have sharp fingernails. [demonic
                  | ancestry]
   860 | D:1      | Reached XP level 3. HP: 11/26 MP: 3/3
   882 | D:1      | HP: 1/26 [giant cockroach (1)]
   882 | D:1      | Slain by a giant cockroach

Illustrated notes

Levels and vault maps discovered:
D:1:      dpeg_arrival_caged_fury, layout_loops_ring, st_stairs_1

Skill      XL: |  1  2  3 |
---------------+----------+-----
Dodging        | 2 |  2.2
Shapeshifting  | 3 |  3.1
Unarmed Combat | 3 |  3.0
Fighting       | |  1.5
Short Blades   | |  0.2

Action                     || total
---------------------------++-------
  Melee: Unarmed           ||    32
         Short sword       ||    34
         Punch             ||     1
    Use: Potion            ||     1
   Stab: Sleeping          ||     1
 Armour: Animal skin       ||    47
  Dodge: Dodged            ||    49

Table legend: (Time is in decaauts)
 A = Elapsed time spent in this place.
 B = Non-inter-level travel time spent in this place.
 C = Inter-level travel time spent in this place.
 D = Time resting spent in this place.
 E = Time spent auto-exploring this place.
 F = Levels seen in this place.
 G = Mean time per level.
                   A        B        C        D        E       F      G
               +--------+--------+--------+--------+--------+-----+--------+
         Total |    879 |    879 |      0 |      0 |    712 |   1 |  879.0 |
       Dungeon |    879 |    879 |      0 |      0 |    712 |   1 |  879.0 |
               +--------+--------+--------+--------+--------+-----+--------+

Top non-repeatable levels by time:
     D:1: 879 daAuts
